 Dungeon Crawl Stone Soup version 0.25-a0-1132-g9d38388ac0 (webtiles) character file.

Game seed: 10638311279575287714, levelgen mode: deterministic

4414 BeastOfSaturn the Slicer (level 10, -3/71 HPs)
             Began as a Demonspawn Assassin on May 19, 2020.
             Was a Priest of Dithmenos.
             Shot with an arrow by a centaur (13 damage)
             ... on level 8 of the Dungeon on May 20, 2020.
             The game lasted 00:42:50 (9319 turns).

BeastOfSaturn the Slicer (Demonspawn Assassin)      Turns: 9319, Time: 00:42:50

Health: -3/71      AC:  8    Str: 15    XL:     10   Next: 14%
Magic:  13/13      EV: 14    Int: 12    God:    Dithmenos [***...]
Gold:   212        SH:  0    Dex: 19    Spells: 9/9 levels left

rFire    . . .     SeeInvis .   u - +3 dagger (elec)
rCold    . . .     Gourm    .   (no shield)
rNeg     + . .     Faith    .   r - +0 leather armour
rPois    .         Spirit   .   (helmet restricted)
rElec    .         Reflect  .   c - +1 cloak
rCorr    .         Harm     .   t - +0 pair of gloves
MR       .....                  L - +0 pair of boots
Stlth    +++++++...             (no amulet)
HPRegen  0.21/turn              n - ring of positive energy
MPRegen  0.13/turn              b - +4 ring of slaying

@: lethally poisoned (-3 -> -4), very slightly contaminated, wreathed by umbra
A: antennae 1, thin skeletal structure 2, nightstalker 1, powered by death 1
a: Shadow Step, Renounce Religion


You were on level 8 of the Dungeon.
You worshipped Dithmenos.
Dithmenos was most pleased with you.
You were not hungry.

You visited 1 branch of the dungeon, and saw 8 of its levels.

You collected 296 gold pieces.
You spent 84 gold pieces at shops.

Inventory:

Hand Weapons
 u - a +3 dagger of electrocution (weapon)
Missiles
 d - 22 poisoned darts (quivered)
 e - 2 curare-tipped darts
Armour
 c - a +1 cloak (worn)
 r - a +0 leather armour (worn)
 t - a +0 pair of gloves (worn)
 L - a +0 pair of boots (worn)
 M - a +0 scale mail
Jewellery
 b - a +4 ring of slaying (right hand)
 n - a ring of positive energy (left hand)
 A - an uncursed ring of poison resistance
Wands
 o - a wand of paralysis (14)
 w - a wand of digging (6)
 y - a wand of polymorph (13)
Scrolls
 a - a scroll of torment {unknown}
 j - a scroll of remove curse
 k - a scroll of blinking
 p - a scroll of identify
 x - a scroll of enchant armour
 D - 2 scrolls of teleportation
 H - a scroll of enchant weapon
 I - a scroll of brand weapon {unknown}
 J - a scroll of magic mapping {unknown}
Potions
 g - a potion of cancellation
 h - a potion of degeneration {unknown}
 i - 2 potions of heal wounds {unknown}
 l - 2 potions of mutation
 s - a potion of curing
 v - a potion of brilliance {unknown}
 z - 3 potions of might
 B - 2 potions of lignification
 C - a potion of haste
 E - a potion of stabbing {unknown}
 F - a potion of ambrosia {unknown}
 G - a potion of resistance {unknown}
 K - a potion of flight {unknown}
Comestibles
 f - 14 rations


   Skills:
 - Level 4.0 Fighting
 * Level 10.4 Short Blades
 + Level 2.8 Throwing
 - Level 4.0 Armour
 + Level 3.7 Dodging
 - Level 5.0 Stealth
 * Level 4.8 Evocations


You had 9 spell levels left.
You didn't know any spells.
Your spell library contained the following spells:

 Spells                   Type           Power        Failure   Level  Hunger
 Corona                   Hex            #......      38%         1    ##.....
 Ensorcelled Hibernation  Hex/Ice        #.....       52%         2    ###....
 Confusing Touch          Hex            #.......     77%         3    ####...
 Dazzling Flash           Conj/Hex       #.....       77%         3    ####...
 Gell's Gravitas          Tloc           #.........   77%         3    ####...
 Tukima's Dance           Hex            #.......     77%         3    ####...
 Petrify                  Tmut/Erth      #.......     99%         4    #####..
 Metabolic Englaciation   Hex/Ice        #.........   100%        5    ######.
 Yara's Violent Unravell  Hex/Tmut       #.........   100%        5    ######.


Dungeon Overview and Level Annotations

Branches:
Dungeon (8/15)             Temple (0/1) D:4            Lair (0/6) D:8

Altars:
Cheibriados
Dithmenos
Elyvilon
Kikubaaqudgha
Nemelex Xobeh
Sif Muna
Yredelemnul
Zin
The Shining One

Shops:
D:4 }


Innate Abilities, Weirdness & Mutations

You have a pair of small antennae on your head.
You have a moderately thin skeletal structure. (Dex +4, Stealth+)
You are slightly more attuned to the shadows.
You regenerate a little health from kills.


Message History

You feel sick. The hornet stings you!
You feel yourself slow down. The centaur completely misses you.
Blink to where?
Press: ? - help, Dir - move target cursor You are very lightly contaminated with residual magic.
As you read the scroll of blinking, it crumbles to dust.
You feel sick.
All of the chunks of flesh in your inventory have rotted away.
You feel yourself speed up.
The centaur wields a +0 shortbow.
The centaur shoots an arrow.
The arrow hits you.
* * * LOW HITPOINT WARNING * * *
You see here an arrow.
You feel sick.
The centaur shoots an arrow.
The arrow hits you!
* * * LOW HITPOINT WARNING * * *
You see here an arrow.
As you read the scroll of fog, it crumbles to dust.
The scroll dissolves into smoke.
The centaur shoots an arrow.
The arrow hits you!
You die...

........P####.P.P..#.....#
.......PPP.P)P)P.P.......#
......P.P..÷.).c.###.....#
#...#..P...PPP)..###.....#
#...##P.P.P.PP...#.......###
#. ###.P)†.)y..#.#oo.....#
#... ###)###§.##.#.......#
#.# #.###§§## #o....$.#
####.#### #..§§@§#
#......... .......# #...§§§#
........## #.#..##.#
#.###§§####.....#.# .#
#.##.####.###.... ........#
.# #(..........##.##
##.##### .###.###.###.#.##.#
.....# #.# #....<.# .....#
#.# ##.##### .....# #.# #.#


You could see a centaur.

Vanquished Creatures
  A hippogriff (D:7)
  Sigmund (D:5)
  3 hogs
  A human (D:7)
  3 yaks
  A hungry ghost (D:6)
  A porcupine (D:8)
  3 orc warriors
  An ice beast (D:5)
  A sky beast (D:6)
  2 centaurs (D:6)
  An ogre (D:4)
  A crocodile (D:8)
  Blork the orc (D:5)
  2 bullfrogs
  5 scorpions
  7 wights
  A centaur zombie (D:4)
  4 crimson imps
  A quasit (D:5)
  A hound (D:7)
  8 orc priests
  2 jellies (D:7)
  A gnoll shaman (D:6)
  An iguana (D:7)
  Jessica (D:2)
  9 orc wizards
  6 worker ants
  A hound zombie (D:7)
  A hound skeleton (D:4)
  Robin (D:2)
  8 gnolls (D:6)
  6 adders
  3 shadow imps
  2 oozes
  4 worms
  A dart slug (D:2)
  4 leopard geckos
  21 orcs
  2 ball pythons
  4 giant cockroaches
  15 goblins
  14 hobgoblins
  3 jackals (D:4)
  7 quokkas
  3 bats
  3 frilled lizards
  A jackal skeleton (D:7)
  A jackal zombie (D:5)
  7 kobolds
  4 rats
186 creatures vanquished.

Notes
Turn   | Place    | Note
-------+----------+-------------------------------------------
     0 | D:1      | BeastOfSaturn the Demonspawn Assassin began the quest for
                  | the Orb.
     0 | D:1      | Reached XP level 1. HP: 16/16 MP: 1/1
    12 | D:1      | Reached skill level 1 in Dodging
   227 | D:1      | Gained mutation: You have a somewhat thin skeletal
                  | structure. (Dex +2, Stealth) [demonic ancestry]
   227 | D:1      | Reached XP level 2. HP: 19/22 MP: 2/2
   284 | D:1      | Reached skill level 2 in Short Blades
   318 | D:1      | Found a glowing golden altar of the Shining One.
   996 | D:2      | Reached XP level 3. HP: 27/27 MP: 3/3
  1251 | D:2      | Noticed Robin
  1351 | D:2      | Noticed a scorpion
  1385 | D:2      | HP: 1/28 [goblin[Robin] (6)]
  1454 | D:1      | Gained mutation: You regenerate a little health from kills.
                  | [demonic ancestry]
  1454 | D:1      | Reached XP level 4. HP: 6/34 MP: 4/4
  1855 | D:2      | Killed Robin
  1875 | D:2      | Noticed Jessica
  1889 | D:2      | Killed Jessica
  1995 | D:2      | You fall into a shaft and drop 1 floor!
  2697 | D:3      | Reached skill level 3 in Short Blades
  2697 | D:3      | Gained mutation: You are slightly more attuned to the
                  | shadows. [demonic ancestry]
  2697 | D:3      | Reached XP level 5. HP: 35/40 MP: 5/5
  2970 | D:4      | Reached XP level 6. HP: 47/47 MP: 6/6
  3171 | D:4      | Found Yddacyo's Gadget Boutique.
  3179 | D:4      | Bought a wand of paralysis (5) for 84 gold pieces
  3243 | D:4      | Found a basalt altar of Yredelemnul.
  3244 | D:4      | Found a white marble altar of Elyvilon.
  3244 | D:4      | Found a shadowy altar of Dithmenos.
  3262 | D:4      | Found an ancient bone altar of Kikubaaqudgha.
  3265 | D:4      | Became a worshipper of Dithmenos the Shadowed
  3446 | D:4      | Reached skill level 4 in Short Blades
  3446 | D:4      | Reached skill level 5 in Stealth
  3682 | D:4      | Reached skill level 1 in Armour
  3745 | D:4      | Found a staircase to the Ecumenical Temple.
  3839 | D:4      | Reached XP level 7. HP: 52/52 MP: 7/7
  4179 | D:5      | Entered Level 5 of the Dungeon
  4198 | D:5      | Found a sparkling altar of Nemelex Xobeh.
  4354 | D:5      | Reached * piety under Dithmenos
  4541 | D:5      | Noticed Sigmund
  4547 | D:5      | Killed Sigmund
  4547 | D:5      | Reached skill level 5 in Short Blades
  4547 | D:5      | Reached skill level 1 in Evocations
  4573 | D:5      | Gained mutation: You have a pair of small antennae on your
                  | head. [demonic ancestry]
  4573 | D:5      | Reached XP level 8. HP: 54/60 MP: 9/9
  4617 | D:5      | Found a glowing silver altar of Zin.
  4767 | D:5      | Found a shimmering blue altar of Sif Muna.
  5094 | D:5      | Noticed Blork the orc
  5105 | D:5      | Killed Blork the orc
  5557 | D:6      | Reached skill level 6 in Short Blades
  6130 | D:5      | Upgraded the game from 0.25-a0-1126-g5fd7b56c60 to
                  | 0.25-a0-1132-g9d38388ac0
  6885 | D:6      | Reached skill level 7 in Short Blades
  7143 | D:6      | Reached ** piety under Dithmenos
  7146 | D:6      | Gained mutation: You have a moderately thin skeletal
                  | structure. (Dex +4, Stealth+) [demonic ancestry]
  7146 | D:6      | Reached XP level 9. HP: 65/65 MP: 11/11
  7210 | D:6      | Found a sparkling altar of Nemelex Xobeh.
  7524 | D:7      | Reached skill level 8 in Short Blades
  8335 | D:6      | Reached skill level 9 in Short Blades
  8987 | D:8      | Found a snail-covered altar of Cheibriados.
  9058 | D:8      | Reached skill level 10 in Short Blades
  9062 | D:8      | Reached XP level 10. HP: 61/71 MP: 13/13
  9237 | D:8      | Reached *** piety under Dithmenos
  9265 | D:8      | Found a staircase to the Lair.
  9319 | D:8      | Shot with an arrow by a centaur

Illustrated notes

Levels and vault maps discovered:
D:1:      tarquinn_simple_flora_water_a, layout_rooms, minmay_door_square,
          tso_altar
D:2:      layout_rooms, first_ration, uniq_robin, uniq_jessica
D:3:      layout_basic
D:4:      layout_layer_cave, nicolae_overflow_quartered_altars,
          minmay_temple_entry_statues, serial_shops, shop, corexii_shack,
          chequers_serial_rivers_micro_d
D:5:      minmay_opposing_rooms, layout_gridville,
          nemelex_xobeh_ov_fountains_minmay, lemuel_round_altar, basic_altar,
          serial_co_window_serial, co_window_of_opportunity_a,
          co_window_corner_a, co_window_paths_b, co_window_corner_a,
          co_window_paths_b, co_window_of_opportunity_b, co_window_cross_2,
          co_window_corner_b, co_window_of_opportunity_c, co_window_2corner,
          co_window_unsneaky_path_e, co_window_4corner_b, glass_columns_a,
          glass_columns_c, glass_columns_a, uniq_blork_the_orc, uniq_sigmund
D:6:      layout_loops_corners, nemelex_spade_bored_becter
D:7:      layout_cave_pools, grunt_livestock
D:8:      layout_loops_cross, old_standard_altar, slow_altar_1,
          grunt_lair_entry_orc_guard_hut, uniq_psyche, uniq_harold

Skill      XL: |  1  2  3  4  5  6  7  8  9 |
---------------+----------------------------+-----
Dodging        | 1 2 3 |  3.7
Short Blades   | 2 3 4 5 7 10 | 10.4
Stealth        | 4 5 |  5.0
Throwing       | 2 |  2.8
Fighting       | 3 4 |  4.0
Armour         | 1 2 4 |  4.0
Evocations     | 1 3 4 |  4.8

Action                   |  1- 3 |  4- 6 |  7- 9 | 10-12 || total
-------------------------+-------+-------+-------+-------++-------
Melee: Dagger            |   111 |   139 |   371 |    54 ||   675
Throw: Dart              |    30 |     1 |     3 |       ||    34
  Use: Scroll            |     2 |     7 |     8 |     2 ||    19
 Stab: Sleeping          |     3 |    16 |    20 |       ||    39
       Distracted        |       |     1 |     2 |       ||     3
  Eat: Chunk             |     1 |     6 |     5 |       ||    12
       Ration            |       |     1 |     4 |       ||     5
Armor: Robe              |    29 |     4 |       |       ||    33
       Leather armour    |       |    26 |    61 |     6 ||    93
Dodge: Dodged            |    80 |    53 |   177 |    18 ||   328

Table legend:
 A = Non-vault XP
 B = Vault XP
 C = Vault XP percentage of total XP
 D = Non-vault monster count
 E = Vault monster count
 F = Vault count percentage of total count
                 A         B        C        D         E       F
            +---------+---------+-------+---------+---------+-------
      Total |    3812 |    2494 |  39.5 |     150 |      36 |  19.4
            +---------+---------+-------+---------+---------+-------
        D:1 |      31 |       2 |   6.1 |      17 |       1 |   5.6
        D:2 |      48 |      74 |  60.7 |      17 |      13 |  43.3
        D:3 |     106 |       0 |   0.0 |      15 |       0 |   0.0
        D:4 |     501 |       2 |   0.4 |      21 |       1 |   4.5
        D:5 |     299 |     594 |  66.5 |      12 |      10 |  45.5
        D:6 |    1421 |     593 |  29.4 |      31 |       3 |   8.8
        D:7 |    1054 |     412 |  28.1 |      27 |       2 |   6.9
        D:8 |     352 |     817 |  69.9 |      10 |       6 |  37.5
            +---------+---------+-------+---------+---------+-------
